 Dungeon Crawl Stone Soup version 0.21.1-1-g345015f (webtiles) character file.

2557 lotte the Thaumaturge (level 9, -5/45 HPs)
             Began as a Deep Elf Earth Elementalist on July 7, 2018.
             Was a Follower of Vehumet.
             Slain by a hornet (9 damage)
             ... while paralysed by a hornet
             ... on level 7 of the Dungeon.
             The game lasted 00:40:31 (8471 turns).

lotte the Thaumaturge (Deep Elf Earth Elementalist) Turns: 8471, Time: 00:40:32

Health: -5/45      AC:  5    Str:  3    XL:     9   Next: 31%
Magic:  12/27      EV:  2    Int: 24    God:    Vehumet [*.....]
Gold:   354        SH:  0    Dex: 15    Spells: 13/28 levels left

rFire    . . .     SeeInvis +   n - +4 mace
rCold    . . .     Gourm    .   (no shield)
rNeg     . . .     Faith    .   c - +0 robe
rPois    .         Spirit   .   (no helmet)
rElec    .         Reflect  +   (no cloak)
rCorr    .         Harm     .   h - +1 pair of gloves
MR       .....                  l - +0 pair of boots
Stlth    +++.......             p - +3 amulet of reflection
HPRegen  0.55/turn              H - ring of see invisible
MPRegen  0.20/turn              G - ring of stealth

@: paralysed, lethally poisoned (-5 -> -6), very slightly contaminated, slowed
A: blink, high mp 1, regeneration 1, weak 1
a: Blink, Renounce Religion


You were on level 7 of the Dungeon.
You worshipped Vehumet.
Vehumet was aware of your devotion.
You were not hungry.

You visited 2 branches of the dungeon, and saw 8 of its levels.

You collected 354 gold pieces.

Inventory:

Hand Weapons
 j - a +0 dagger
 k - a +0 short sword
 n - a +4 mace (weapon)
Missiles
 v - 27 stones (quivered)
 x - 5 large rocks
Armour
 c - a +0 robe (worn)
 h - a +1 pair of gloves (worn)
 l - a +0 pair of boots (worn)
Jewellery
 a - an uncursed ring of flight
 p - a +3 amulet of reflection (around neck)
 r - an uncursed amulet of rage
 G - a ring of stealth (right hand)
 H - a ring of see invisible (left hand)
Wands
 q - a wand of flame (23)
Scrolls
 f - 2 scrolls of identify
 i - 7 scrolls of remove curse
 m - 3 scrolls of amnesia
 u - a scroll of enchant weapon
 z - 5 scrolls of teleportation
 C - 2 scrolls of enchant armour
Potions
 g - a potion of flight
 o - 2 potions of curing
 s - a potion of haste
 t - 4 potions of heal wounds
 w - 2 potions of ambrosia
 A - 2 potions of might
 B - a potion of invisibility
 D - a potion of degeneration
Books
 e - a book of Geomancy

   Spells                             Type                      Level
   a - Sandblast                      Earth                        1
   b - Passwall                       Transmutation/Earth          2
   c - Stone Arrow                    Conjuration/Earth            3
   d - Petrify                        Transmutation/Earth          4
   e - Lee's Rapid Deconstruction     Earth                        5
Comestibles
 b - a chunk of flesh
 d - 6 rations


   Skills:
 + Level 5.8 Dodging
 - Level 2.4 Stealth
 + Level 10.2 Spellcasting
 * Level 6.9 Conjurations
 * Level 2.1 Transmutations
 - Level 7.5 Earth Magic


You had 13 spell levels left.
You knew the following spells:

 Your Spells              Type           Power        Failure   Level  Hunger
a - Sandblast             Erth           #####.       1%          1    None
b - Passwall              Tmut/Erth      #####.....   1%          2    None
c - Stone Arrow           Conj/Erth      #####.       1%          3    None
d - Petrify               Tmut/Erth      #####...     7%          4    #......
e - Lee's Rapid Deconstr  Erth           #####.....   6%          5    ####...


Dungeon Overview and Level Annotations

Branches:
Dungeon (7/15)             Temple (1/1) D:4

Altars:
Ashenzari
Cheibriados
Dithmenos
Elyvilon
Fedhas
Gozag
Hepliaklqana
Kikubaaqudgha
Makhleb
Nemelex Xobeh
Okawaru
Qazlal
Ru
Sif Muna
Trog
Uskayaw
Vehumet
Wu Jian
Xom
Yredelemnul
Zin
The Shining One

Shops:
D:6 %


Innate Abilities, Weirdness & Mutations

You can translocate small distances at will.
You have an increased reservoir of magic. (+10% MP)
Your natural rate of healing is unusually fast.
You are weak. (Str -2)


Message History

Press: ? - help, Shift-Dir - straight line, f/p - hornet
Aim: a hornet (heavily wounded)
The stone arrow hits the hornet.
The hornet is almost dead.
The hornet barely misses you. The hornet stings you!
You feel yourself slow down.
Casting: Stone Arrow
Confirm with . or Enter, or press ? or * to list all spells.
Aiming: Stone Arrow
Press: ? - help, Shift-Dir - straight line, f/p - hornet
Aim: a hornet (severely wounded)
You miscast Stone Arrow.
You are very lightly contaminated with residual magic.
Your hair stands on end.
The hornet stings you!
You are poisoned.
You suddenly lose the ability to move!
The hornet stings you!
* * * LOW HITPOINT WARNING * * *
You feel as though you will be slow longer.
You feel sick. The hornet stings you!
You die...

****,,,,,,,,,,,,,,#..............
,,,,,,,,,,,,,,./,,..##.....###.##
,,************..>#,........#*#.#
,,* *#.##.###.###..,..# ***
#.#...##.######### #.#......)...#
#.#...##.###.# #y######.# #.#
#.@......# #.###### ##########
#....... ########


You could see a hornet.

Vanquished Creatures
  A troll (D:5)
  Prince Ribbit (D:6)
  Sigmund (D:2)
  An ice beast (D:6)
  2 orc warriors
  A sky beast (D:6)
  3 ogres
  The ghost of Fathero2 the Magician, an amateur DrWz (D:4)
  A centaur (D:5)
  A phantom (D:5)
  A bullfrog (D:7)
  A scorpion (D:4)
  A crimson imp (D:5)
  3 hounds
  7 orc priests
  2 jellies (D:5)
  2 bullfrog skeletons
  2 iguanas (D:4)
  5 orc wizards
  4 worker ants
  Terence (D:3)
  A hound zombie (D:6)
  A howler monkey skeleton (D:5)
  8 adders
  4 gnolls (D:3)
  A shadow imp (D:7)
  An adder skeleton (D:5)
  3 worms (D:2)
  A dart slug (D:1)
  4 leopard geckos
  28 orcs
  A ball python (D:5)
  5 giant cockroaches
  4 goblins
  5 hobgoblins
  8 jackals (D:4)
  A quokka (D:6)
  6 bats
  3 frilled lizards
  A jackal skeleton (D:4)
  A jackal zombie (D:5)
  9 kobolds
  A leopard gecko skeleton (D:4)
  10 rats
149 creatures vanquished.

Notes
Turn   | Place    | Note
-------+----------+-------------------------------------------
     0 | D:1      | lotte the Deep Elf Earth Elementalist began the quest for the Orb.
     0 | D:1      | Reached XP level 1. HP: 10/10 MP: 6/6
   233 | D:1      | Reached XP level 2. HP: 15/15 MP: 2/8
   783 | D:1      | Reached skill level 4 in Spellcasting
  1070 | D:2      | Reached XP level 3. HP: 14/19 MP: 4/10
  1286 | D:2      | Noticed Sigmund
  1294 | D:2      | Killed Sigmund
  1294 | D:2      | Reached skill level 5 in Spellcasting
  1294 | D:2      | Reached skill level 5 in Earth Magic
  1294 | D:2      | Reached XP level 4. HP: 6/24 MP: 6/13
  1294 | D:2      | Reached XP level 5. HP: 7/28 MP: 6/15
  1432 | D:2      | Reached skill level 6 in Spellcasting
  1640 | D:2      | Learned a level 2 spell: Passwall
  1644 | D:2      | Learned a level 3 spell: Stone Arrow
  1649 | D:2      | Learned a level 4 spell: Petrify
  1655 | D:2      | Learned a level 5 spell: Lee's Rapid Deconstruction
  2463 | D:3      | Reached XP level 6. HP: 32/32 MP: 14/17
  2514 | D:3      | Noticed Terence
  2521 | D:3      | Killed Terence
  2601 | D:3      | Reached skill level 1 in Conjurations
  3271 | D:4      | Noticed Fathero2's ghost (amateur DrWz)
  3546 | D:4      | Found a staircase to the Ecumenical Temple.
  3556 | D:4      | Reached skill level 7 in Spellcasting
  3648 | Temple   | Entered the Ecumenical Temple
  3657 | Temple   | Became a worshipper of Vehumet
  3742 | D:4      | Reached XP level 7. HP: 36/36 MP: 15/19
  3800 | D:4      | Killed Fathero2's ghost
  4432 | D:4      | Found an ancient bone altar of Kikubaaqudgha.
  4436 | D:4      | Found a glowing golden altar of the Shining One.
  4436 | D:4      | Found a basalt altar of Yredelemnul.
  4436 | D:4      | Found a stormy altar of Qazlal.
  4458 | D:4      | Found an opulent altar of Gozag.
  4458 | D:4      | Found a shadowy altar of Dithmenos.
  4818 | D:5      | Entered Level 5 of the Dungeon
  4871 | D:5      | Reached skill level 8 in Spellcasting
  5191 | D:5      | Reached XP level 8. HP: 41/41 MP: 18/22
  5274 | D:5      | Noticed a troll
  5824 | D:5      | Reached * piety under Vehumet
  5824 | D:5      | Offered knowledge of Flame Tongue by Vehumet.
  5824 | D:5      | Reached skill level 5 in Conjurations
  6228 | D:5      | Killed a troll
  6228 | D:5      | Reached skill level 9 in Spellcasting
  6520 | D:6      | Found Doisseul's Food Boutique.
  6534 | D:6      | Reached skill level 5 in Dodging
  6638 | D:6      | Noticed Prince Ribbit
  7042 | D:6      | Killed Prince Ribbit
  7042 | D:6      | Reached XP level 9. HP: 35/45 MP: 10/24
  7374 | D:6      | Reached skill level 10 in Spellcasting
  8024 | D:7      | Gained mutation: Your natural rate of healing is unusually fast. [potion of mutation]
  8024 | D:7      | Gained mutation: You can translocate small distances at will. [potion of mutation]
  8024 | D:7      | Gained mutation: You are weak. (Str -2) [potion of mutation]
  8024 | D:7      | Gained mutation: You have an increased reservoir of magic. (+10% MP) [potion of mutation]
  8052 | D:7      | Found a shattered altar of Ashenzari.
  8161 | D:7      | Found a deep blue altar of Sif Muna.
  8161 | D:7      | Found a sparkling altar of Nemelex Xobeh.
  8162 | D:7      | Found an ornate altar of the Wu Jian Council.
  8467 | D:7      | Paralysed by a hornet for 1 turns
  8470 | D:7      | Paralysed by a hornet for 3 turns
  8471 | D:7      | Slain by a hornet

Skill      XL: |  1  2  3  4  5  6  7  8  9 |
---------------+----------------------------+-----
Spellcasting   | 4 5 6 7 8 9 10 | 10.2
Earth Magic    | 4 5 6 7 |  7.5
Conjurations   | 2 4 6 |  6.9
Dodging        | 3 4 5 |  5.8
Transmutations | 2 |  2.1
Stealth        | |  2.4

Action                   |  1- 3 |  4- 6 |  7- 9 || total
-------------------------+-------+-------+-------++-------
Melee: Unarmed           |     4 |       |       ||     4
       Short sword       |    16 |       |       ||    16
       Mace              |     4 |       |     2 ||     6
 Cast: Sandblast         |    32 |    45 |    32 ||   109
       Stone Arrow       |       |    31 |   113 ||   144
       Petrify           |       |       |    12 ||    12
  Use: Scroll            |       |     6 |     7 ||    13
       Potion            |       |     3 |     3 ||     6
 Stab: Sleeping          |     1 |       |       ||     1
       Petrified         |       |       |     2 ||     2
  Eat: Chunk             |     1 |     7 |    12 ||    20
       Ration            |       |       |     1 ||     1
Armor: Robe              |    11 |     2 |     3 ||    16
Dodge: Dodged            |    38 |     1 |    10 ||    49
Block: Other             |     1 |     1 |     2 ||     4
